Map: Port Aleksander LE

Players

ViBE

  • Race: Zerg Zerg
  • League: Master
  • Spawn Location: 5:00

NORTHAMERICA - Winner!

  • Race: Protoss Protoss
  • League: Grandmaster
  • Spawn Location: 11:00

VOD

Have the link to the VOD?

Description

Time

  • Played on: March 1, 2019, 1:09 a.m.
  • Length: 14:09
Show
View Real Time Build Order
Export as new Build Order

ViBE Zerg 

Build Orders: Hatch First, Swarm Host 

Get SALT Encoding   

  12  0:01  Drone  
  13  0:13  Overlord  
  13  0:20  Drone  
  14  0:32  Drone x2  
  16  0:42  Drone  
  17  0:58  Drone  
  17  1:00  Hatchery  
  17  1:07  Drone  
  18  1:21  Drone, Spawning Pool  
  18  1:24  Drone  
  19  1:33  Drone  
  20  1:49  Hatchery  
  20  1:52  Drone  
  20  1:55  Drone, Extractor  
  20  2:05  Drone  
  21  2:11  Queen  
  23  2:19  Drone x2  
  25  2:30  Overlord  
  25  2:35  Drone x3  
  28  2:56  Metabolic Boost  
  28  3:00  Zergling x8, Queen  
  28  3:01  Drone  
  35  3:09  Zergling x2  
  35  3:10  Zergling x2  
  37  3:15  Drone  
  37  3:16  Spore Crawler  
  37  3:23  Overlord  
  37  3:25  Spore Crawler  
  37  3:26  Spore Crawler  
  35  3:27  Drone  
  35  3:29  Spine Crawler  
  35  3:41  Zergling x12  
  35  3:44  Queen  
  42  3:53  Drone  
  42  3:54  Drone  
  44  3:56  Drone  
  44  3:59  Spine Crawler  
  44  4:00  Overlord  
  44  4:05  Zergling x4  
  45  4:11  Spine Crawler  
  45  4:13  Spine Crawler  
  43  4:19  Spine Crawler  
  43  4:22  Zergling x4  
  43  4:27  Queen  
  45  4:36  Zergling x8  
  49  4:43  Zergling x6  
  52  4:57  Zergling x4  
  52  4:58  Zergling x8  
  54  5:10  Zergling x2  
  54  5:11  Zergling x8  
  54  5:20  Spore Crawler  
  49  5:35  Zergling x12  
  53  5:57  Overlord x3  
  51  6:15  Queen  
  53  6:19  Spine Crawler x2  
  53  6:23  Spore Crawler  
  47  6:41  Drone x3  
  50  6:55  Spine Crawler, Spore Crawler  
  50  6:57  Spine Crawler  
  50  7:01  Spine Crawler  
  44  7:02  Spine Crawler  
  43  7:14  Drone x2  
  43  7:15  Drone  
  46  7:18  Overlord x2  
  46  7:19  Extractor  
  31  7:47  Drone x3  
  31  7:48  Drone x3  
  35  8:08  Roach Warren  
  34  8:21  Drone  
  34  8:22  Drone x2  
  37  8:35  Lair  
  37  8:39  Drone  
  35  8:51  Roach x7  
  47  9:00  Roach  
  49  9:10  Roach x5  
  41  9:38  Infestation Pit  
  40  9:46  Queen  
  40  10:15  Swarm Host x4  
  52  10:33  Pneumatized Carapace  
  52  11:20  Hatchery  
  52  11:24  Glial Reconstitution  
  52  11:26  Roach x5  
  62  11:36  Roach  
  42  12:40  Roach x3  
  42  12:41  Roach x3  
  42  12:54  Roach  
  23  13:26  Roach  
  23  13:27  Roach x2  
Show
View Real Time Build Order
Export as new Build Order

NORTHAMERICA Protoss - Winner!

Build Orders: 1 Gate Expand, Zealot Archon, Dark Templar Rush 

Get SALT Encoding   

  12  0:01  Probe  
  13  0:13  Probe  
  14  0:20  Pylon  
  14  0:25  Probe  
  15  0:35  Probe  
  15  0:39  Gateway  
  16  0:44  Probe  
  16  0:49  Assimilator  
  17  0:52  Probe  
  18  1:04  Probe  
  19  1:16  Probe  
  20  1:28  Nexus  
  20  1:38  Cybernetics Core  
  20  1:40  Probe  
  21  1:47  Assimilator  
  21  1:52  Probe  
  22  1:57  Pylon  
  22  2:04  Probe  
  22  2:05  Adept  
  25  2:16  Probe  
  26  2:28  Probe  
  26  2:29  Twilight Council  
  27  2:38  Stalker  
  27  2:39  Probe  
  27  2:41  Probe  
  31  2:44  Warp Gate  
  31  2:47  Probe  
  31  2:49  Probe  
  32  2:55  Probe  
  32  2:57  Probe  
  35  3:07  Probe x2, Robotics Facility  
  37  3:19  Probe x2  
  39  3:22  Dark Shrine  
  39  3:28  Gateway  
  39  3:39  Sentry, Probe  
  39  3:40  Probe  
  39  3:46  Gateway  
  39  3:47  Warp Prism, Gateway  
  41  3:52  Probe  
  41  3:54  Pylon  
  42  4:00  Probe  
  45  4:04  Assimilator  
  45  4:06  Assimilator  
  45  4:14  Pylon  
  45  4:15  Probe  
  46  4:17  Shield Battery  
  46  4:19  Shield Battery  
  46  4:23  Pylon  
  46  4:33  Shield Battery  
  46  4:41  Shield Battery  
  46  4:42  Dark Templar x3  
  52  4:54  Shield Battery  
  52  4:55  Zealot  
  54  5:04  Charge  
  50  5:13  Zealot  
  41  5:19  Zealot x2  
  41  5:20  Probe  
  44  5:25  Probe  
  43  5:35  Dark Templar  
  43  5:54  Probe  
  43  5:55  Dark Templar  
  46  6:04  Probe  
  46  6:10  Dark Templar  
  43  6:13  Pylon, Archon  
  42  6:23  Pylon  
  42  6:25  Pylon  
  42  6:27  Pylon  
  42  6:35  Pylon  
  42  6:41  Observer  
  43  6:49  Dark Templar x2  
  47  6:56  Archon  
  47  7:00  Gateway  
  47  7:17  Immortal  
  51  7:33  Zealot  
  51  7:34  Zealot  
  53  7:50  Pylon  
  53  7:54  Dark Templar  
  53  7:57  Zealot x2  
  59  7:58  Archon  
  51  8:21  Dark Templar x2  
  51  8:26  Archon  
  55  8:44  Zealot  
  55  8:47  Zealot x2  
  54  8:50  Probe  
  53  8:57  Observer  
  48  9:49  Nexus  
  48  9:50  Immortal  
  51  10:11  Zealot x2  
  55  10:28  Immortal  
  59  10:49  Nexus  
  59  11:08  Cybernetics Core  
  59  11:18  Dark Templar  
  61  11:37  Robotics Bay  
  61  11:45  Sentry x2  
  65  11:57  Pylon  
  65  12:17  Probe  
  65  12:19  Pylon  
  50  12:46  Disruptor  
  51  12:57  Dark Templar  
  53  13:01  Dark Templar x2  
  46  13:42  Dark Templar, Nexus  
Tags
 
Add a new tag
Caveats
  • Supply blocks, unpowered buildings, or Contaminate may cause inaccurate times.
  • Supply counts are checked every 10 seconds.